 Dungeon Crawl Stone Soup version 0.25.1-8-g42b30a86e7 (webtiles) character file.

Game seed: 13969312934211714605

328 pepper333 the Skirmisher (level 6, -8/56 HPs)
             Began as a Draconian Abyssal Knight on Dec 4, 2020.
             Was a Believer of Lugonu.
             Mangled by an ogre
             ... wielding a +0 giant club
              (21 damage)
             ... on level 3 of the Dungeon.
             The game lasted 00:08:30 (3034 turns).

pepper333 the Skirmisher (Draconian Abyssal Knight) Turns: 3034, Time: 00:08:31

Health: -8/56      AC:  6    Str: 15    XL:     6   Next: 25%
Magic:  7/7        EV: 13    Int: 13    God:    Lugonu [**....]
Gold:   143        SH:  0    Dex: 11    Spells: 5/5 levels left

rFire    . . .     SeeInvis .   a - +1 hand axe
rCold    . . .     Gourm    .   (no shield)
rNeg     . . .     Faith    .   (armour unavailable)
rPois    .         Spirit   .   (helmet restricted)
rElec    .         Reflect  .   (no cloak)
rCorr    .         Harm     .   (no gloves)
MR       .....                  (no boots)
Stlth    +.........             (no amulet)
HPRegen  0.18/turn              (no ring)
MPRegen  0.10/turn              (no ring)

@: no status effects
A: unfitting armour, cold-blooded, AC +6
a: Depart the Abyss, Bend Space, Renounce Religion


You were on level 3 of the Dungeon.
You worshipped Lugonu.
Lugonu was pleased with you.
You were very hungry.

You visited 1 branch of the dungeon, and saw 4 of its levels.
You visited the Abyss 1 time.

You collected 143 gold pieces.

Inventory:

Hand Weapons
 a - a +1 hand axe (weapon)
 h - a +1 mace of protection
 p - a +2 vampiric hand axe
 q - a +0 flail of holy wrath
Jewellery
 d - a +6 ring of dexterity {unknown}
Wands
 i - a wand of paralysis (10)
Scrolls
 c - a scroll of fog {unknown}
 e - a scroll of blinking {unknown}
 g - a scroll of teleportation
 j - 2 scrolls of amnesia {unknown}
 k - a scroll of enchant weapon {unknown}
 l - a scroll of noise {unknown}
 n - 2 scrolls of enchant armour {unknown}
 o - a scroll of identify {unknown}
 r - a scroll of remove curse {unknown}
Potions
 f - 2 potions of stabbing {unknown}
 m - a potion of might {unknown}
Comestibles
 b - 3 rations


   Skills:
 + Level 5.1 Fighting
 + Level 4.3 Axes
 + Level 3.4 Dodging
 + Level 0.7 Stealth
 + Level 2.2 Invocations


You had 5 spell levels left.
You didn't know any spells.
Your spell library was empty.

Dungeon Overview and Level Annotations

Branches:
Dungeon (4/15)
 Temple: D:4-7

Altars:
Elyvilon
Makhleb

Annotations:
D:3 1 runed translucent door


Innate Abilities, Weirdness & Mutations

Your plain brown scales are hard. (AC +6)
You cannot fit into any form of body armour.
You are cold-blooded and may be slowed by cold attacks.


Message History

The ogre hits you with a +0 giant club!
You slash the ogre!
The ogre is heavily wounded.
The ogre completely misses you.
You barely miss the ogre. You tail-slap the ogre.
The ogre is severely wounded.
The ogre misses you.
You barely miss the ogre.
The ogre is severely wounded.
The ogre closely misses you.
You hit the ogre.
The ogre is almost dead.
You hit the ogre.
The ogre is almost dead.
The ogre hits you with a +0 giant club!
* * * LOW HITPOINT WARNING * * *
You barely miss the ogre.
The ogre is almost dead.
The ogre hits you with a +0 giant club!!
You die...

######'#####...........
#...........##.########
#...........##.#
#...........##.#
#......)(...##.#
#......(....##.#
#...........##.#
#######...........##.########
#..........O@.....'..........
####.####......(.....##.##..####
#.........#######...###.##.####⌠
#.##..###.............#.##.##≈≈≈
#.#).##>##..............##.#§≈§§
#..)###.###...........#.##.##≈§.
#..####.+###..........#.##.#⌠≈.§
#..#>.._..>#..........#.##.##≈≈≈
#..####.####..........####.§####


You could see an ogre.

Vanquished Creatures
  A scorpion (D:3)
  A crimson imp (D:2)
  A hound (D:4)
  An orc priest (D:3)
  Natasha (thrice) (D:3)
  3 adders
  2 oozes
  A worm (D:3)
  3 dart slugs
  2 leopard geckos
  12 orcs
  2 giant cockroaches
  9 goblins
  6 hobgoblins
  4 bats
  5 frilled lizards
  7 kobolds
  6 rats
69 creatures vanquished.

Notes
Turn   | Place    | Note
-------+----------+-------------------------------------------
     0 | Abyss:1  | pepper333 the Draconian Abyssal Knight began the quest for
                  | the Orb.
     0 | Abyss:1  | Reached XP level 1. HP: 19/19 MP: 2/2
    48 | Abyss:1  | Noticed a large abomination
    49 | D:1      | Escaped the Abyss
   180 | D:1      | Reached * piety under Lugonu
   180 | D:1      | Reached XP level 2. HP: 26/26 MP: 3/3
   595 | D:2      | Reached skill level 4 in Fighting
   719 | D:2      | Reached XP level 3. HP: 29/33 MP: 4/4
  1047 | D:2      | Reached XP level 4. HP: 38/41 MP: 5/5
  1676 | D:3      | Found a white marble altar of Elyvilon.
  1677 | D:3      | Found a runed translucent door.
  1677 | D:3      | Noticed an angel
  1691 | D:3      | Reached ** piety under Lugonu
  2182 | D:3      | Reached XP level 5. HP: 42/47 MP: 6/6
  2314 | D:3      | Reached skill level 5 in Fighting
  2507 | D:3      | Noticed Natasha
  2513 | D:3      | Killed Natasha
  2528 | D:3      | Found a burning altar of Makhleb.
  2570 | D:3      | Noticed Natasha
  2580 | D:3      | Killed Natasha
  2580 | D:3      | Reached XP level 6. HP: 50/56 MP: 7/7
  2739 | D:3      | Noticed Natasha
  2758 | D:3      | Killed Natasha
  3034 | D:3      | Mangled by an ogre

Illustrated notes

Levels and vault maps discovered:
D:1:      ncdulo_watergridlock, layout_basic, minmay_tripent
D:2:      layout_basic, chequers_hall_statues_wall_a, chequers_avenue,
          minmay_misc_feat_alley, minmay_distorted
D:3:      layout_basic, lightli_temple_of_fire, portal_sewer_entry_d,
          lemuel_angel_altar, uniq_natasha
D:4:      layout_basic, first_ration, enter_ossuary_4

Skill      XL: |  1  2  3  4  5 |
---------------+----------------+-----
Fighting       | 4 5 |  5.1
Dodging        | 3 |  3.4
Axes           | 3 4 |  4.3
Stealth        | |  0.7
Invocations    | |  2.2

Action                   |  1- 3 |  4- 6 || total
-------------------------+-------+-------++-------
Melee: Hand axe          |   100 |   147 ||   247
       Tailslap          |     4 |    16 ||    20
Invok: Depart the Abyss  |     1 |       ||     1
  Use: Scroll            |       |     1 ||     1
  Eat: Chunk             |       |     6 ||     6
Armor: Skin              |    33 |    35 ||    68
Dodge: Dodged            |    70 |   126 ||   196
